 Dungeon Crawl Stone Soup version 0.31-a0-174-g85c54bcb58 (webtiles) character file.

Game seed: 14704065231888500202

168 qw the Shooter (level 5, 0/32 HPs)
             Began as a Gargoyle Hunter on June 15, 2023.
             Slain by Sigmund
             ... wielding a +0 scythe
              (2 damage)
             ... on level 3 of the Dungeon.
             The game lasted 00:00:53 (1934 turns).

qw the Shooter (Gargoyle Hunter)                    Turns: 1934, Time: 00:00:53

Health: 0/32       AC: 10    Str: 15    XL:     5   Next: 49%
Magic:  4/4        EV: 11    Int:  9    God:
Gold:   77         SH:  0    Dex: 15    Spells: 4/4 levels left

rFire   . . .        Y - +0 shortbow
rCold   . . .        (shield currently unavailable)
rNeg    + . .        i - +0 ring mail
rPois   inf          f - +0 helmet
rElec   +            (no cloak)
rCorr   .            (no gloves)
SInv    .            (no boots)
Will    .....        h - amulet of faith
Stlth   +            (no ring)
HPRegen 0.25/turn    (no ring)
MPRegen 0.09/turn

%: faith
@: no status effects
A: sickness immunity, AC +4, negative energy resistance 1, electricity
resistance, torment resistance 1, petrification resistance, low MP 1, screaming
1, MP-powered wands
a: no special abilities


You were on level 3 of the Dungeon.
You visited 1 branch of the dungeon, and saw 3 of its levels.

You collected 77 gold pieces.


Innate Abilities, Weirdness & Mutations

You are immune to sickness and miasma.
Your stone body is resilient. (AC +4)
You are immune to poison.
You resist negative energy. (rN+)
You are resistant to electric shocks. (rElec)
You are resistant to unholy torment.
You are immune to petrification.
Your magical capacity is low. (-10% MP)
You occasionally shout uncontrollably at your foes.
You expend magic power (3 MP) to strengthen your wands.


   Skills:
 + Level 3.0 Fighting
 - Level 6.0 Ranged Weapons
 - Level 1.7 Armour
 - Level 1.5 Dodging
 - Level 1.1 Stealth


You had 4 spell levels left.
You didn't know any spells.
Your spell library was empty.

Inventory:

Hand Weapons
 Y - a +0 shortbow (weapon)
Armour
 f - a +0 helmet (worn)
 i - a +0 ring mail (worn)
Jewellery
 h - an amulet of faith (around neck)
Scrolls
 c - a scroll of identify
 g - a scroll of enchant armour {unknown}
 l - a scroll of teleportation {unknown}
Potions
 a - 2 potions of attraction {unknown}
 b - a potion of degeneration {unknown}
 d - a potion of mutation
 e - a potion of cancellation {unknown}
 j - a potion of magic {unknown}
 k - a potion of enlightenment {unknown}

Dungeon Overview and Level Annotations

Branches:
Dungeon (3/15)

Altars:

Annotations:
D:3 Sigmund


Message History

You shoot an arrow. The arrow hits Sigmund.
Sigmund shouts!
Sigmund is lightly wounded.
You shoot an arrow.
The arrow hits Sigmund but does no damage.
Sigmund is lightly wounded.
You shoot an arrow. The arrow completely misses Sigmund.
You shoot an arrow. The arrow hits Sigmund.
Sigmund is moderately wounded.
Sigmund screams, "Die, monster!"
Sigmund casts a spell at you. The magic dart hits you.
You shoot an arrow. The arrow closely misses Sigmund.
Sigmund mumbles some strange words.
Sigmund flickers and vanishes!
Deactivating autopickup; reactivate with Ctrl-A.
A kobold comes into view. It is wielding a +0 club.
You shoot an arrow. The arrow closely misses the kobold.
The kobold shouts!
A puff of flame appears from out of thin air!
The puff of flame hits you!
You shoot an arrow. The arrow closely misses the kobold.
You shoot an arrow. Something hits you.
You shoot an arrow. The arrow closely misses the kobold.
Something hits you.
You shoot an arrow. The arrow closely misses the kobold.
Something hits you but does no damage. The kobold misses you.
You shoot an arrow. The arrow closely misses the kobold.
The kobold hits you but does no damage.
You shoot an arrow. The arrow closely misses the kobold.
Something hits you. The kobold hits you but does no damage.
You shoot an arrow. The arrow barely misses the kobold.
The kobold barely misses you. Something hits you but does no damage.
You shoot an arrow. The arrow closely misses the kobold.
The kobold closely misses you. Something hits you.
You shoot an arrow. The arrow barely misses the kobold.
The kobold hits you but does no damage. The kobold barely misses you.
Something hits you.
You die...

#..........#
#.....>....#
#..........# #
#..........#
..###..........#
#....#........##
..............#
.##^..........#
##.........@#
#..<......K#
#.........{#
##..........
#..........
#.###....... #.
#....... .>
......... ..
....


You could see a kobold.

Vanquished Creatures
  Natasha (thrice) (D:2)
  An adder (D:2)
  A worm (D:2)
  2 dart slugs (D:1)
  8 bats
  7 endoplasms
  3 giant cockroaches
  9 hobgoblins
  7 jackals (D:1)
  7 kobolds
  5 quokkas
  2 ball pythons (D:1)
  2 frilled lizards
  3 goblins
  12 rats
72 creatures vanquished.

Notes
Turn   | Place    | Note
-------+----------+-------------------------------------------
     0 | D:1      | qw the Gargoyle Hunter began the quest for the Orb.
     0 | D:1      | Reached XP level 1. HP: 12/12 MP: 1/1
     0 | D:1      | 0 ||| qw: Version: 0.2-a-29-g511e9b1
     0 | D:1      | 0 ||| qw: Game counter: 5454
     0 | D:1      | 0 ||| qw: Always use a shield: true
     0 | D:1      | 0 ||| qw: God list: Okawaru
     0 | D:1      | 0 ||| qw: Allow faded altars: false
     0 | D:1      | 0 ||| qw: Do Orc after D:15 true
     0 | D:1      | 0 ||| qw: Do second Lair branch before Depths: true
     0 | D:1      | 0 ||| qw: Lair rune preference: random
     0 | D:1      | 0 ||| qw: Plans: Normal, Zot:1-4, Slime:5, God:TSO, Crypt,
                  | Tomb, Abyss, Pan, Hells, Win
     0 | D:1      | 0 ||| PLANNING D:1-11
    42 | D:1      | Reached XP level 2. HP: 17/17 MP: 2/2
   432 | D:1      | Reached XP level 3. HP: 19/21 MP: 3/3
   442 | D:1      | Reached skill level 5 in Ranged Weapons
   609 | D:1      | 609 ||| FLEEEEING.
   746 | D:1      | Reached skill level 3 in Fighting
   798 | D:1      | Found a faded altar of an unknown god.
  1069 | D:1      | 1069 ||| UPGRADING to +0 helmet.
  1074 | D:1      | 1074 ||| UPGRADING to +0 ring mail.
  1084 | D:1      | 1084 ||| DROPPING +0 leather armour.
  1085 | D:1      | 1085 ||| READING scroll labelled HOQ DINAEK.
  1086 | D:1      | 1086 ||| READING scroll labelled TODUYC KIHIEJ.
  1087 | D:1      | 1087 ||| READING scroll labelled LALUIH UDUC.
  1088 | D:1      | 1088 ||| DRINKING 2 grey potions.
  1088 | D:1      | Gained mutation: Your magical capacity is low. (-10% MP)
                  | [potion of mutation]
  1088 | D:1      | Gained mutation: You occasionally shout uncontrollably at
                  | your foes. [potion of mutation]
  1088 | D:1      | Gained mutation: You expend magic power (3 MP) to
                  | strengthen your wands. [potion of mutation]
  1089 | D:1      | 1089 ||| DROPPING scroll of butterflies.
  1120 | D:2      | Noticed Natasha
  1124 | D:2      | Killed Natasha
  1125 | D:2      | Reached skill level 1 in Armour
  1125 | D:2      | Reached XP level 4. HP: 20/28 MP: 3/3
  1431 | D:2      | Noticed Natasha
  1437 | D:2      | Killed Natasha
  1438 | D:2      | Reached XP level 5. HP: 32/32 MP: 4/4
  1609 | D:2      | Noticed Natasha
  1613 | D:2      | 1613 ||| Stepping ~*~*~tactically~*~*~ (outnumbered).
  1620 | D:2      | HP: 5/32 [Natasha (6)]
  1623 | D:2      | HP: 1/32 [Natasha (3)]
  1624 | D:2      | Killed Natasha
  1625 | D:2      | Reached skill level 6 in Ranged Weapons
  1865 | D:2      | 1865 ||| UPGRADING to amulet of faith.
  1870 | D:2      | 1870 ||| READING scroll labelled LILEAL UNUK EPT.
  1919 | D:3      | Noticed Sigmund
  1931 | D:3      | HP: 6/32 [something (6)]
  1933 | D:3      | HP: 1/32 [something (5)]
  1934 | D:3      | Slain by Sigmund

Levels and vault maps discovered:
D:1:      lightli_arrival_noodles, layout_basic,
          hellmonk_ecumenical_altar_leap_of_faith, lexackson_kobold_supper
D:2:      layout_loops_cross, serial_park_tiny_2, uniq_natasha
D:3:      layout_rooms, lemuel_tele_altar, serial_shops, shop, shop_fountains,
          uniq_sigmund

Skill      XL: |  1  2  3  4  5 |
---------------+----------------+-----
Ranged Weapons | 5 6 |  6.0
Fighting       | 3 |  3.0
Armour         | 1 |  1.7
Dodging        | |  1.5
Stealth        | |  1.1

Action                     |  1- 3 |  4- 6 || total
---------------------------+-------+-------++-------
   Fire: Shortbow          |   124 |   105 ||   229
    Use: Scroll            |     3 |     1 ||     4
         Potion            |     1 |       ||     1
 Armour: Leather armour    |    26 |       ||    26
         Ring mail         |       |    19 ||    19
  Dodge: Dodged            |    60 |    27 ||    87

Table legend:
 A = Non-vault XP
 B = Vault XP
 C = Vault XP percentage of total XP
 D = Non-vault monster count
 E = Vault monster count
 F = Vault count percentage of total count
                 A         B        C        D         E       F
            +---------+---------+-------+---------+---------+-------
      Total |     194 |      47 |  19.5 |      63 |       9 |  12.5
            +---------+---------+-------+---------+---------+-------
        D:1 |      64 |      11 |  14.7 |      35 |       8 |  18.6
        D:2 |     128 |      36 |  22.0 |      27 |       1 |   3.6
        D:3 |       2 |       0 |   0.0 |       1 |       0 |   0.0
            +---------+---------+-------+---------+---------+-------
